 Dungeon Crawl Stone Soup version 0.25-a0-102-gbfa96ce22d (webtiles) character file.

Game seed: 8292065714910729324, levelgen mode: deterministic

144 vurker the Magician (level 5, -6/38 HPs)
             Began as a Mummy Fire Elementalist on Nov 15, 2019.
             Mangled by an ogre
             ... wielding a +0 giant club
              (23 damage)
             ... on level 4 of the Dungeon.
             The game lasted 00:04:39 (3541 turns).

vurker the Magician (Mummy Fire Elementalist)       Turns: 3541, Time: 00:04:39

Health: -6/38      AC:  2    Str: 12    XL:     5   Next: 5%
Magic:  7/11       EV: 12    Int: 15    God:
Gold:   222        SH:  0    Dex: 12    Spells: 11/12 levels left

rFire    x . .     SeeInvis .   g - +0 dagger (venom)
rCold    + . .     Gourm    .   (no shield)
rNeg     + + +     Faith    .   a - +0 robe
rPois    ∞         Spirit   .   (no helmet)
rElec    .         Reflect  .   (no cloak)
rCorr    .         Harm     .   (no gloves)
MR       .....                  (no boots)
Stlth    ++........             (no amulet)
HPRegen  0.12/turn              (no ring)
MPRegen  0.12/turn              (no ring)

@: no status effects
A: no food or potions, fire vulnerability, cold resistance 1, negative energy
resistance 3, torment resistance, unbreathing
a: no special abilities


You were on level 4 of the Dungeon.
You were not hungry.

You visited 1 branch of the dungeon, and saw 4 of its levels.

You collected 222 gold pieces.

Inventory:

Hand Weapons
 g - a +0 dagger of venom (weapon)
   (You took it off a kobold on level 3 of the Dungeon)
Armour
 a - a +0 robe (worn)
Scrolls
 b - a scroll of enchant weapon {unknown}
 c - 5 scrolls of identify {unknown}
 d - 2 scrolls of remove curse {unknown}
 e - a scroll of amnesia {unknown}
 f - 2 scrolls of blinking {unknown}
 h - a scroll of enchant armour {unknown}


   Skills:
 + Level 1.7 Fighting
 - Level 1.5 Dodging
 - Level 1.5 Stealth
 * Level 4.1 Spellcasting
 * Level 2.2 Conjurations
 * Level 3.1 Fire Magic


You had 11 spell levels left.
You knew the following spells:

 Your Spells              Type           Power        Failure   Level  Hunger
a - Flame Tongue          Conj/Fire      ##...        6%          1    N/A

Your spell library contained the following spells:

 Spells                   Type           Power        Failure   Level  Hunger
 Throw Flame              Conj/Fire      ##....       9%          2    N/A
 Conjure Flame            Conj/Fire      ##......     19%         3    N/A
 Inner Flame              Hex/Fire       #.......     28%         3    N/A
 Sticky Flame             Conj/Fire      ##......     52%         4    N/A
 Fireball                 Conj/Fire      ##........   86%         5    N/A

Dungeon Overview and Level Annotations

Branches:
Dungeon (4/15)
 Temple: D:4-7

Altars:
Okawaru


Innate Abilities, Weirdness & Mutations

You do not eat or drink.
Your flesh is vulnerable to fire.
You are immune to poison.
Your flesh is cold resistant. (rC+)
You are immune to negative energy. (rN+++)
You are immune to unholy pain and torment.
You can survive without breathing.


Message History

The flame tongue hits the worm but does no damage.
Aim: a worm (heavily wounded)
The flame tongue hits the worm!
The worm closely misses you.
Aim: a worm (almost dead)
The flame tongue hits the worm!
You kill the worm!
You can't see any susceptible monsters within range! (Use Z to cast anyway.)
Things that are here:
a +0 dagger; 4 stones You see here a +0 club.
You see here a stone.
Found a triangular cabochon amulet.
i - a triangular cabochon amulet
i - an amulet of rage (around neck) Drop what? 9/52 slots (_ for help) (? for menu, Esc to quit)
You remove your amulet of rage.
You drop an uncursed amulet of rage.
Found a scimitar.
You see here a scimitar.
Partly explored, can't reach some items.
Partly explored, can't reach some items.
Partly explored, can't reach some items.
There is a stone staircase leading down here.
You climb downwards.
Found a stone staircase leading up and a stone staircase leading down.
There is a stone staircase leading up here.
Found 31 bolts.
An ogre comes into view. It is wielding a +0 giant club.
The ogre shouts!
You hear a shout!
There is a stone staircase leading up here.
You can't see any susceptible monsters within range! (Use Z to cast anyway.)
There is a stone staircase leading up here.
You can't see any susceptible monsters within range! (Use Z to cast anyway.)
You can't see any susceptible monsters within range! (Use Z to cast anyway.)
Aim: an ogre, wielding a +0 giant club The flame tongue hits the ogre.
Aim: an ogre, wielding a +0 giant club (lightly wounded)
The flame tongue misses the ogre.
Aim: an ogre, wielding a +0 giant club (lightly wounded)
The flame tongue hits the ogre!
The ogre hits you with a +0 giant club!!
Ouch! That really hurt!
* * * LOW HITPOINT WARNING * * *
An orc comes into view. It is wielding a +0 mace.
Aim: an ogre, wielding a +0 giant club (moderately wounded)
The flame tongue hits the ogre!
The orc shouts!
You hear a shout!
The ogre hits you with a +0 giant club!!
Ouch! That really hurt!
You die...

.. .......#..#
... .........#
#.####........#.
##...............
#...............#
#................
#................
#.....@O...#
#...>...##..#
#.......# ....#
.........#
...(...
....#.....
....##.
.........##......
......o###
....... .......
.......


You could see an ogre and an orc.

Vanquished Creatures
  2 adders
  An ooze (D:3)
  An adder zombie (D:3)
  4 worms
  3 dart slugs
  9 orcs (D:3)
  14 bats
  5 giant cockroaches
  9 goblins
  5 hobgoblins
  2 jackals (D:1)
  12 kobolds
  4 quokkas
  3 ball pythons
  5 frilled lizards
  8 rats
87 creatures vanquished.

Notes
Turn   | Place    | Note
-------+----------+-------------------------------------------
     0 | D:1      | vurker the Mummy Fire Elementalist began the quest for the
                  | Orb.
     0 | D:1      | Reached XP level 1. HP: 13/13 MP: 4/4
    58 | D:1      | Reached skill level 1 in Conjurations
   266 | D:1      | Reached skill level 3 in Spellcasting
   266 | D:1      | Reached XP level 2. HP: 19/19 MP: 4/6
  1044 | D:2      | Reached XP level 3. HP: 25/25 MP: 3/7
  1222 | D:2      | Found a faded altar of an unknown god.
  1230 | D:2      | Reached skill level 1 in Fighting
  2162 | D:3      | Reached XP level 4. HP: 26/32 MP: 3/9
  2504 | D:3      | Found an iron altar of Okawaru.
  2660 | D:3      | Reached skill level 4 in Spellcasting
  3134 | D:3      | Reached XP level 5. HP: 38/38 MP: 5/11
  3530 | D:4      | Noticed an ogre
  3541 | D:4      | Mangled by an ogre

Levels and vault maps discovered:
D:1:      lightli_molten_gateway, layout_basic, chequers_serial_rivers_large_a
D:2:      layout_loops_ring, chequers_ecumenical_altar_island,
          minmay_misc_feat_nine_boxes
D:3:      layout_loops_ring, kennysheep_okawaru_gauntlet
D:4:      layout_cave_pools, minmay_temple_entry_grid

Skill      XL: |  1  2  3  4 |
---------------+-------------+-----
Conjurations   | 1 2 |  2.2
Spellcasting   | 3 4 |  4.1
Fighting       | 1 |  1.7
Fire Magic     | 3 |  3.1
Dodging        | |  1.5
Stealth        | |  1.5

Action                   |  1- 3 |  4- 6 || total
-------------------------+-------+-------++-------
Melee: Unarmed           |     7 |       ||     7
       Dagger            |     9 |    17 ||    26
 Cast: Flame Tongue      |    82 |    78 ||   160
Armor: Robe              |    11 |     9 ||    20
Dodge: Dodged            |    32 |    34 ||    66

Table legend:
 A = Non-vault XP
 B = Vault XP
 C = Vault XP percentage of total XP
 D = Non-vault monster count
 E = Vault monster count
 F = Vault count percentage of total count
                 A         B        C        D         E       F
            +---------+---------+-------+---------+---------+-------
      Total |     204 |       3 |   1.4 |      85 |       2 |   2.3
            +---------+---------+-------+---------+---------+-------
        D:1 |      37 |       0 |   0.0 |      23 |       0 |   0.0
        D:2 |      59 |       0 |   0.0 |      22 |       0 |   0.0
        D:3 |     108 |       3 |   2.7 |      40 |       2 |   4.8
            +---------+---------+-------+---------+---------+-------
